Map: Dasan Station LE

Players

chillHelm

  • Race: Zerg Zerg
  • League: Bronze

Gracz - Winner!

  • Race: Protoss Protoss
  • League: Bronze

VOD

Have the link to the VOD?

Description

Time

  • Played on: Sept. 16, 2016, 1:16 p.m.
  • Length: 17:45
Show
View Real Time Build Order
Export as new Build Order

chillHelm Zerg 

Build Orders: 3 Hatch before Pool 

Get SALT Encoding   

  12  0:03  Drone  
  13  0:12  Overlord  
  13  0:23  Drone  
  14  0:31  Drone  
  15  0:47  Hatchery  
  14  0:52  Drone  
  15  1:06  Drone  
  16  1:22  Hatchery  
  15  1:26  Drone x2  
  15  1:28  Drone  
  18  1:47  Spawning Pool  
  17  1:54  Drone  
  17  1:55  Drone  
  19  2:34  Zergling x6  
  19  2:35  Zergling x6  
  25  3:03  Zergling x2  
  25  3:04  Zergling x12  
  32  3:13  Zergling x2  
  32  3:14  Zergling x2  
  32  3:19  Overlord  
  34  3:28  Extractor  
  34  3:29  Zergling x2  
  34  3:31  Overlord  
  34  3:37  Queen  
  36  3:55  Zergling x2  
  36  3:56  Zergling x14  
  43  4:10  Zergling x2  
  43  4:11  Zergling x6  
  47  4:23  Zergling x6  
  50  4:41  Overlord  
  50  4:48  Metabolic Boost  
  49  5:09  Zergling x2  
  49  5:10  Zergling x16  
  58  5:20  Overlord  
  58  5:29  Lair  
  58  5:38  Queen  
  58  5:40  Zergling x10  
  63  6:19  Zergling x2  
  63  6:20  Zergling x4  
  63  6:21  Overlord  
  66  6:30  Evolution Chamber  
  65  6:35  Zergling x2  
  65  6:36  Overlord  
  61  6:55  Zergling x2  
  61  6:56  Zergling x22  
  61  7:00  Zerg Ground Armor Level 1  
  73  7:16  Queen x2  
  73  7:20  Zergling x8  
  81  7:24  Overlord  
  81  7:42  Overlord x2  
  70  8:13  Zergling x18  
  79  8:58  Zergling x2  
  79  8:59  Zergling x22  
  91  9:06  Zerg Melee Weapons Level 1  
  86  9:32  Zergling x16  
  92  9:50  Zergling x2  
  92  9:51  Zergling x8  
  97  10:04  Hydralisk Den, Zergling x2  
  97  10:06  Zergling x2  
  98  10:16  Overlord  
  97  10:44  Hydralisk  
  97  10:45  Hydralisk x3  
  105  10:54  Overlord  
  105  11:01  Overlord  
  105  11:33  Hydralisk  
  105  11:34  Hydralisk x3  
  113  12:20  Zergling x2, Hydralisk  
  113  12:21  Hydralisk x2  
  113  12:22  Overlord  
  120  12:43  Overseer  
  120  12:45  Overseer  
  120  13:45  Hydralisk  
  120  13:46  Hydralisk x3  
  120  13:47  Overlord  
  120  13:48  Overlord  
  128  14:48  Hydralisk x3  
  128  14:49  Hydralisk x4  
  128  14:51  Zergling x6  
  128  14:52  Overlord  
  145  14:53  Overlord  
  145  15:16  Hydralisk  
  145  15:18  Zergling x2  
  145  15:19  Zergling x12  
  124  16:28  Hydralisk x4  
  124  16:30  Zergling x4  
  124  16:31  Zergling x6  
  57  17:05  Zergling x18  
Show
View Real Time Build Order
Export as new Build Order

Gracz Protoss - Winner!

Build Orders:  

Get SALT Encoding   

  12  0:01  Probe (Chrono Boost)  
  13  0:18  Pylon  
  13  0:25  Probe (Chrono Boost)  
  14  0:41  Gateway  
  14  0:42  Gateway  
  14  0:45  Probe (Chrono Boost)  
  15  0:52  Assimilator  
  15  1:08  Probe (Chrono Boost)  
  17  1:18  Probe (Chrono Boost)  
  17  1:28  Zealot  
  17  1:29  Probe (Chrono Boost)  
  17  1:30  Zealot  
  22  1:39  Probe (Chrono Boost)  
  23  1:41  Pylon  
  23  1:44  Pylon  
  23  2:05  Cybernetics Core  
  23  2:41  Stalker x2  
  27  2:58  Warp Gate  
  23  3:10  Stalker, Gateway  
  23  3:11  Stalker  
  23  3:12  Gateway  
  27  3:15  Assimilator  
  27  3:17  Probe (Chrono Boost)  
  28  3:29  Probe (Chrono Boost)  
  29  3:35  Nexus  
  25  3:53  Probe (Chrono Boost)  
  26  4:00  Assimilator  
  26  4:04  Assimilator  
  26  4:05  Probe (Chrono Boost)  
  26  4:06  Pylon  
  26  4:09  Pylon  
  27  4:16  Stalker x2  
  32  4:17  Probe (Chrono Boost)  
  32  4:30  Probe (Chrono Boost)  
  33  4:35  Stalker  
  35  4:42  Probe (Chrono Boost)  
  36  4:46  Forge  
  36  4:57  Pylon  
  36  5:25  Gateway  
  36  5:26  Gateway, Photon Cannon  
  36  5:31  Probe (Chrono Boost)  
  37  5:42  Probe (Chrono Boost)  
  38  5:52  Probe (Chrono Boost)  
  38  5:54  Stalker  
  38  5:55  Stalker  
  43  6:03  Probe (Chrono Boost)  
  44  6:10  Stargate  
  44  6:11  Stargate  
  44  6:13  Probe (Chrono Boost)  
  44  6:18  Pylon  
  45  6:22  Pylon  
  45  6:53  Protoss Air Weapons Level 1  
  43  6:55  Stalker x2  
  43  6:57  Stalker  
  49  7:02  Protoss Ground Weapons Level 1  
  49  7:10  Probe (Chrono Boost)  
  49  7:11  Forge  
  50  7:21  Probe (Chrono Boost)  
  51  7:25  Stalker  
  53  7:31  Probe (Chrono Boost)  
  53  7:34  Nexus  
  38  8:11  Stalker  
  38  8:12  Stalker x4  
  40  8:15  Void Ray x2  
  40  8:19  Probe (Chrono Boost)  
  53  8:24  Stalker  
  55  8:30  Probe (Chrono Boost)  
  56  8:44  Gateway  
  56  8:46  Gateway  
  56  8:47  Probe x2 (Chrono Boost)  
  59  8:49  Probe (Chrono Boost)  
  59  8:59  Stargate  
  59  9:01  Stargate, Probe (Chrono Boost)  
  60  9:04  Pylon  
  60  9:13  Robotics Facility  
  60  9:14  Mothership Core (Chrono Boost)  
  60  9:15  Robotics Facility  
  62  9:32  Photon Cannon  
  62  9:37  Photon Cannon  
  62  9:54  Probe (Chrono Boost)  
  63  10:05  Probe (Chrono Boost)  
  64  10:13  Robotics Facility  
  64  10:17  Robotics Facility  
  64  10:37  Probe x2 (Chrono Boost)  
  64  10:38  Probe (Chrono Boost)  
  64  10:39  Twilight Council  
  64  10:41  Pylon  
  67  10:45  Pylon  
  67  10:47  Nexus, Probe (Chrono Boost)  
  67  10:48  Probe (Chrono Boost)  
  70  10:50  Probe (Chrono Boost)  
  70  10:51  Assimilator  
  70  10:55  Assimilator  
  70  10:58  Probe x2 (Chrono Boost)  
  70  11:03  Assimilator, Probe (Chrono Boost)  
  73  11:06  Stalker x2  
  73  11:07  Assimilator, Stalker  
  73  11:08  Stalker x4, Probe (Chrono Boost)  
  73  11:09  Probe (Chrono Boost)  
  89  11:15  Probe (Chrono Boost)  
  90  11:19  Probe x2 (Chrono Boost)  
  93  11:27  Stargate, Probe (Chrono Boost)  
  93  11:28  Stargate  
  93  11:30  Stargate  
  93  11:36  Fleet Beacon  
  93  11:53  Pylon  
  93  11:54  Stalker  
  93  11:56  Pylon, Stalker  
  93  12:00  Pylon  
  97  12:03  Pylon  
  97  12:18  Fleet Beacon  
  97  12:21  Dark Shrine  
  97  12:22  Stalker  
  99  12:23  Stalker  
  99  12:24  Stalker  
  104  12:30  Probe (Chrono Boost)  
  104  12:35  Probe (Chrono Boost)  
  105  12:40  Probe (Chrono Boost)  
  106  12:45  Probe (Chrono Boost)  
  106  12:51  Probe (Chrono Boost)  
  108  12:55  Blink  
  108  12:56  Probe (Chrono Boost)  
  109  13:05  Stalker x2  
  117  13:06  Stalker  
  117  13:07  Stalker x2  
  117  13:08  Stalker  
  127  13:24  Immortal x2  
  135  13:43  Stalker  
  135  13:44  Robotics Bay  
  135  13:47  Stalker  
  139  14:00  Warp Prism x2  
  143  14:04  Observer  
  144  14:10  Pylon  
  144  14:16  Tempest  
  148  14:17  Tempest x2  
  156  14:54  Stalker  
  156  14:55  Stalker x3  
  150  16:17  Stalker  
  150  16:18  Stalker x3  
  158  16:19  Stalker  
  158  16:20  Stalker x2  
  162  16:35  Stalker  
  160  16:52  Stalker x2  
  142  17:04  Stalker x3  
  144  17:10  Stalker x2  
  144  17:11  Stalker  
Tags
 
Add a new tag
Caveats
  • Supply blocks, unpowered buildings, or Contaminate may cause inaccurate times.
  • Supply counts are checked every 10 seconds.